[ AOE2 MATCH · #506099479 ]
UnrankedAztecs vs Vietnamese
Player's team · WIN
[ REPLAY ANALYSIS · EXTRACTED FROM THE RECORDED GAME ]
Feudal
10:06
Castle
21:34
Imperial
—
| APM avg | 77.2 |
| APM peak | 141 |
| eAPM avg | 35.6 |
| Villagers / military | 102 / 68 |
Focus
⚔️ 53.3% · 🌾 46.7%
Skirmisher ×38 · Archer ×10 · Eagle Scout ×9 · Monk ×4 · Militia ×4 · Mangonel ×2
Feudal
9:15
Castle
24:09
Imperial
—
| APM avg | 82.5 |
| APM peak | 116 |
| eAPM avg | 29.6 |
| Villagers / military | 75 / 63 |
Focus
⚔️ 33.1% · 🌾 66.9%
Archer ×45 · Skirmisher ×8 · Mangonel ×4 · Militia ×3 · Battle Elephant ×3
Match map
Initial resources + every placement click. Lines = walls · curves = elevation contours. ◆ gold · ⬟ stone · ● berries · ✦ relic · ◌ wall gap
Your base· ✓ Closed at 21:34 · 63t walls · no gate
[bS']Socksyy's base· Open — opponent sealed themselves in
Smoothed initial terrain · ◌ = detected wall gap · hover for details
Inputs per minute
— wR.ACCM - - [bS']Socksyy
Build order — wR.ACCM
First 150 of 315 actions detected
| 0:00 | Create | Villager (Male) |
| 0:01 | Create | Villager (Male) |
| 0:02 | Build | House |
| 0:02 | Build | House |
| 0:16 | Create | Villager (Male) |
| 0:16 | Create | Villager (Male) |
| 0:17 | Create | Villager (Male) |
| 1:22 | Create | Villager (Male) |
| 1:22 | Create | Villager (Male) |
| 1:51 | Create | Villager (Male) |
| 1:52 | Create | Villager (Male) |
| 2:19 | Build | Lumber Camp |
| 2:26 | Create | Villager (Male) |
| 2:27 | Create | Villager (Male) |
| 2:30 | Create | Villager (Male) |
| 2:30 | Create | Villager (Male) |
| 3:03 | Create | Villager (Male) |
| 3:03 | Create | Villager (Male) |
| 3:36 | Create | Villager (Male) |
| 3:51 | Build | House |
| 4:03 | Create | Villager (Male) |
| 4:04 | Create | Villager (Male) |
| 4:27 | Build | Barracks |
| 4:33 | Create | Villager (Male) |
| 4:33 | Create | Villager (Male) |
| 4:56 | Create | Villager (Male) |
| 4:56 | Create | Villager (Male) |
| 5:03 | Build | House |
| 5:29 | Create | Militia |
| 5:39 | Create | Villager (Male) |
| 5:40 | Create | Villager (Male) |
| 5:43 | Create | Militia |
| 5:45 | Create | Villager (Male) |
| 6:06 | Build | Mill |
| 6:12 | Create | Villager (Male) |
| 6:21 | Create | Villager (Male) |
| 6:49 | Create | Villager (Male) |
| 6:50 | Research | Loom |
| 7:53 | Research | Feudal Age |
| 8:14 | Build | Mining Camp |
| 8:17 | Build | Palisade Wall |
| 8:19 | Build | Palisade Wall |
| 8:20 | Build | Palisade Wall |
| 8:23 | Create | Militia |
| 8:28 | Build | House |
| 8:32 | Build | Palisade Wall |
| 8:32 | Build | Palisade Wall |
| 8:34 | Build | Palisade Wall |
| 8:36 | Build | Palisade Wall |
| 8:37 | Build | Palisade Wall |
| 8:39 | Build | Palisade Wall |
| 8:41 | Create | Militia |
| 9:06 | Build | Palisade Wall |
| 9:08 | Build | Palisade Wall |
| 9:18 | Create | Villager (Male) |
| 9:45 | Build | Farm |
| 9:53 | Build | Palisade Wall |
| 10:06 | Age | Feudal Age |
| 10:10 | Build | Archery Range |
| 10:14 | Research | Man-at-Arms (upgrade) |
| 10:14 | Research | Man-at-Arms (upgrade) |
| 10:22 | Research | Double-Bit Axe |
| 10:27 | Create | Villager (Male) |
| 10:42 | Build | House |
| 10:44 | Build | Palisade Wall |
| 10:46 | Build | Palisade Wall |
| 10:47 | Build | Palisade Wall |
| 10:49 | Build | Palisade Wall |
| 10:51 | Build | Palisade Wall |
| 10:54 | Create | Villager (Male) |
| 10:57 | Create | Archer |
| 11:02 | Create | Villager (Male) |
| 11:10 | Create | Spearman |
| 11:13 | Build | Farm |
| 11:15 | Build | House |
| 11:30 | Build | Farm |
| 11:49 | Create | Villager (Male) |
| 11:50 | Build | Farm |
| 11:51 | Build | Farm |
| 11:53 | Build | Farm |
| 12:01 | Create | Archer |
| 12:09 | Create | Villager (Male) |
| 12:15 | Build | Farm |
| 12:18 | Build | Palisade Wall |
| 12:19 | Create | Archer |
| 12:40 | Create | Villager (Male) |
| 12:46 | Build | Palisade Wall |
| 12:54 | Create | Villager (Male) |
| 12:55 | Create | Villager (Male) |
| 12:55 | Create | Archer |
| 13:07 | Create | Villager (Male) |
| 13:27 | Create | Archer |
| 13:30 | Build | House |
| 13:31 | Create | Villager (Male) |
| 13:33 | Build | Farm |
| 13:42 | Build | Blacksmith |
| 13:47 | Build | Palisade Wall |
| 13:52 | Build | Palisade Wall |
| 14:00 | Create | Skirmisher |
| 14:02 | Build | House |
| 14:05 | Build | Farm |
| 14:16 | Create | Villager (Male) |
| 14:18 | Build | Farm |
| 14:29 | Research | Padded Archer Armor |
| 14:32 | Research | Fletching |
| 14:33 | Research | Fletching |
| 14:33 | Research | Scale Mail Armor |
| 14:36 | Research | Padded Archer Armor |
| 14:37 | Create | Archer |
| 14:39 | Create | Villager (Male) |
| 14:44 | Build | House |
| 14:55 | Build | House |
| 14:58 | Create | Villager (Male) |
| 15:04 | Build | Palisade Wall |
| 15:06 | Create | Skirmisher |
| 15:09 | Create | Archer |
| 15:16 | Build | Palisade Wall |
| 15:40 | Create | Villager (Male) |
| 15:53 | Create | Archer |
| 15:58 | Create | Villager (Male) |
| 16:16 | Create | Archer |
| 16:21 | Build | Farm |
| 16:23 | Create | Villager (Male) |
| 16:26 | Build | Farm |
| 16:38 | Build | House |
| 16:48 | Build | Farm |
| 16:49 | Create | Villager (Male) |
| 16:51 | Build | Market |
| 16:52 | Create | Skirmisher |
| 17:06 | Build | Palisade Wall |
| 17:08 | Create | Villager (Male) |
| 17:10 | Build | Farm |
| 17:19 | Create | Skirmisher |
| 17:40 | Create | Villager (Male) |
| 17:43 | Build | House |
| 17:46 | Build | Palisade Wall |
| 17:47 | Build | Palisade Wall |
| 17:48 | Build | Palisade Wall |
| 17:52 | Build | Farm |
| 17:53 | Build | Farm |
| 18:11 | Build | Farm |
| 18:14 | Create | Villager (Male) |
| 18:20 | Build | Farm |
| 18:22 | Build | House |
| 18:40 | Create | Archer |
| 18:54 | Build | House |
| 18:54 | Research | Castle Age |
| 18:55 | Research | Castle Age |
| 18:58 | Build | House |
| 19:04 | Build | Farm |
Build order — [bS']Socksyy
First 150 of 247 actions detected
| 0:00 | Create | Villager (Male) |
| 0:00 | Create | Villager (Male) |
| 0:01 | Build | House |
| 0:02 | Build | House |
| 0:10 | Create | Villager (Male) |
| 0:17 | Create | Villager (Male) |
| 1:24 | Create | Villager (Male) |
| 1:51 | Create | Villager (Male) |
| 1:59 | Build | Lumber Camp |
| 2:20 | Create | Villager (Male) |
| 2:50 | Create | Villager (Male) |
| 2:50 | Create | Villager (Male) |
| 2:55 | Create | Villager (Male) |
| 3:37 | Create | Villager (Male) |
| 3:51 | Create | Villager (Male) |
| 3:53 | Build | House |
| 3:54 | Build | Palisade Wall |
| 4:27 | Create | Villager (Male) |
| 4:49 | Create | Villager (Male) |
| 5:10 | Create | Villager (Male) |
| 5:33 | Build | Barracks |
| 5:34 | Create | Villager (Male) |
| 6:05 | Research | Loom |
| 6:06 | Build | Palisade Wall |
| 6:36 | Create | Villager (Male) |
| 7:02 | Research | Feudal Age |
| 7:11 | Build | Mining Camp |
| 7:20 | Create | Militia |
| 7:27 | Build | House |
| 7:43 | Build | Palisade Wall |
| 7:56 | Create | Militia |
| 8:13 | Build | Mill |
| 8:24 | Build | Palisade Wall |
| 8:38 | Create | Militia |
| 8:54 | Create | Villager (Male) |
| 9:15 | Age | Feudal Age |
| 9:20 | Research | Double-Bit Axe |
| 9:38 | Build | Archery Range |
| 9:41 | Create | Villager (Male) |
| 9:55 | Build | Palisade Wall |
| 9:55 | Build | Palisade Wall |
| 10:01 | Research | Man-at-Arms (upgrade) |
| 10:07 | Build | Palisade Wall |
| 10:08 | Build | Palisade Wall |
| 10:09 | Build | Palisade Wall |
| 10:11 | Build | Palisade Wall |
| 10:12 | Create | Villager (Male) |
| 10:17 | Build | House |
| 10:37 | Build | House |
| 10:42 | Create | Villager (Male) |
| 10:54 | Create | Archer |
| 10:54 | Create | Archer |
| 11:13 | Build | Palisade Wall |
| 11:17 | Build | Palisade Wall |
| 11:18 | Build | Palisade Wall |
| 11:20 | Build | Palisade Wall |
| 11:21 | Build | Palisade Wall |
| 11:22 | Build | Palisade Wall |
| 11:27 | Create | Villager (Male) |
| 11:35 | Create | Archer |
| 11:52 | Create | Villager (Male) |
| 12:01 | Build | Farm |
| 12:02 | Build | Farm |
| 12:03 | Build | Farm |
| 12:09 | Create | Archer |
| 12:20 | Create | Villager (Male) |
| 12:21 | Build | Farm |
| 12:39 | Create | Villager (Male) |
| 12:39 | Create | Archer |
| 12:52 | Build | House |
| 12:53 | Build | Palisade Wall |
| 13:04 | Create | Archer |
| 13:06 | Create | Villager (Male) |
| 13:16 | Build | Farm |
| 13:26 | Create | Archer |
| 13:27 | Create | Villager (Male) |
| 13:46 | Build | Blacksmith |
| 14:02 | Create | Villager (Male) |
| 14:12 | Build | House |
| 14:13 | Build | Palisade Wall |
| 14:17 | Research | Fletching |
| 14:18 | Create | Villager (Male) |
| 14:28 | Build | House |
| 14:31 | Create | Villager (Male) |
| 14:33 | Build | House |
| 14:36 | Build | House |
| 14:44 | Create | Villager (Male) |
| 14:47 | Build | Palisade Wall |
| 14:49 | Create | Villager (Male) |
| 14:51 | Build | Palisade Wall |
| 14:52 | Build | House |
| 15:01 | Create | Villager (Male) |
| 15:05 | Create | Archer |
| 15:13 | Create | Archer |
| 15:21 | Create | Villager (Male) |
| 15:24 | Build | Farm |
| 15:38 | Create | Villager (Male) |
| 15:38 | Create | Archer |
| 15:52 | Create | Villager (Male) |
| 16:01 | Create | Archer |
| 16:06 | Create | Villager (Male) |
| 16:33 | Research | Wheelbarrow |
| 16:38 | Build | Archery Range |
| 16:47 | Build | Palisade Wall |
| 17:02 | Create | Skirmisher |
| 17:10 | Build | House |
| 17:11 | Build | Palisade Wall |
| 17:18 | Create | Skirmisher |
| 17:18 | Create | Archer |
| 17:21 | Create | Archer |
| 17:23 | Build | Palisade Wall |
| 17:30 | Create | Villager (Male) |
| 17:31 | Build | Farm |
| 17:34 | Build | Farm |
| 17:37 | Build | Farm |
| 17:50 | Research | Padded Archer Armor |
| 17:50 | Research | Padded Archer Armor |
| 17:51 | Create | Skirmisher |
| 17:54 | Create | Villager (Male) |
| 18:01 | Build | Lumber Camp |
| 18:09 | Create | Archer |
| 18:17 | Create | Villager (Male) |
| 18:25 | Build | Palisade Wall |
| 18:33 | Build | Farm |
| 18:46 | Create | Villager (Male) |
| 18:47 | Create | Archer |
| 18:47 | Create | Archer |
| 19:08 | Create | Villager (Male) |
| 19:17 | Create | Archer |
| 19:17 | Create | Archer |
| 19:28 | Create | Villager (Male) |
| 19:32 | Build | Market |
| 19:48 | Create | Villager (Male) |
| 19:57 | Create | Archer |
| 19:57 | Create | Archer |
| 20:07 | Create | Villager (Male) |
| 20:27 | Create | Archer |
| 20:27 | Create | Archer |
| 20:28 | Build | Farm |
| 20:29 | Build | Farm |
| 20:30 | Build | Farm |
| 20:37 | Build | Farm |
| 20:55 | Build | Farm |
| 20:58 | Build | Farm |
| 21:26 | Build | Farm |
| 21:27 | Build | Farm |
| 21:29 | Research | Castle Age |
| 21:33 | Create | Skirmisher |
| 21:33 | Create | Skirmisher |
| 21:55 | Create | Archer |
Match timeline
| 3:54 | [bS']Socksyy · wall_segment Palisade Wall x1 |
| 4:27 | wR.ACCM · first_building Barracks |
| 5:33 | [bS']Socksyy · first_building Barracks |
| 6:06 | [bS']Socksyy · wall_segment Palisade Wall x1 |
| 7:43 | [bS']Socksyy · wall_segment Palisade Wall x1 |
| 8:17 | wR.ACCM · wall_segment Palisade Wall x1 |
| 8:19 | wR.ACCM · wall_segment Palisade Wall x1 |
| 8:20 | wR.ACCM · wall_segment Palisade Wall x1 |
| 8:24 | [bS']Socksyy · wall_segment Palisade Wall x1 |
| 8:32 | wR.ACCM · wall_segment Palisade Wall x1 |
| 8:32 | wR.ACCM · wall_segment Palisade Wall x1 |
| 8:34 | wR.ACCM · wall_segment Palisade Wall x1 |
| 8:36 | wR.ACCM · wall_segment Palisade Wall x1 |
| 8:37 | wR.ACCM · wall_segment Palisade Wall x1 |
| 8:39 | wR.ACCM · wall_segment Palisade Wall x1 |
| 9:06 | wR.ACCM · wall_segment Palisade Wall x1 |
| 9:08 | wR.ACCM · wall_segment Palisade Wall x1 |
| 9:15 | [bS']Socksyy · age_up feudal |
| 9:38 | [bS']Socksyy · first_building Archery Range |
| 9:53 | wR.ACCM · wall_segment Palisade Wall x1 |
| 9:55 | [bS']Socksyy · wall_segment Palisade Wall x1 |
| 9:55 | [bS']Socksyy · wall_segment Palisade Wall x1 |
| 10:06 | wR.ACCM · age_up feudal |
| 10:07 | [bS']Socksyy · wall_segment Palisade Wall x1 |
| 10:08 | [bS']Socksyy · wall_segment Palisade Wall x1 |
| 10:09 | [bS']Socksyy · wall_segment Palisade Wall x1 |
| 10:10 | wR.ACCM · first_building Archery Range |
| 10:11 | [bS']Socksyy · wall_segment Palisade Wall x1 |
| 10:44 | wR.ACCM · wall_segment Palisade Wall x1 |
| 10:46 | wR.ACCM · wall_segment Palisade Wall x1 |
| 10:47 | wR.ACCM · wall_segment Palisade Wall x1 |
| 10:49 | wR.ACCM · wall_segment Palisade Wall x1 |
| 10:51 | wR.ACCM · wall_segment Palisade Wall x1 |
| 11:13 | [bS']Socksyy · wall_segment Palisade Wall x1 |
| 11:17 | [bS']Socksyy · wall_segment Palisade Wall x1 |
| 11:18 | [bS']Socksyy · wall_segment Palisade Wall x1 |
| 11:20 | [bS']Socksyy · wall_segment Palisade Wall x1 |
| 11:21 | [bS']Socksyy · wall_segment Palisade Wall x1 |
| 11:22 | [bS']Socksyy · wall_segment Palisade Wall x1 |
| 12:18 | wR.ACCM · wall_segment Palisade Wall x7 |
| 12:46 | wR.ACCM · wall_segment Palisade Wall x6 |
| 12:53 | [bS']Socksyy · wall_segment Palisade Wall x3 |
| 13:47 | wR.ACCM · wall_segment Palisade Wall x1 |
| 13:52 | wR.ACCM · wall_segment Palisade Wall x4 |
| 14:13 | [bS']Socksyy · wall_segment Palisade Wall x2 |
| 14:47 | [bS']Socksyy · wall_segment Palisade Wall x1 |
| 14:51 | [bS']Socksyy · wall_segment Palisade Wall x1 |
| 15:04 | wR.ACCM · wall_segment Palisade Wall x6 |
| 15:16 | wR.ACCM · wall_segment Palisade Wall x11 |
| 16:47 | [bS']Socksyy · wall_segment Palisade Wall x1 |
| 17:06 | wR.ACCM · wall_segment Palisade Wall x3 |
| 17:11 | [bS']Socksyy · wall_segment Palisade Wall x5 |
| 17:23 | [bS']Socksyy · wall_segment Palisade Wall x1 |
| 17:46 | wR.ACCM · wall_segment Palisade Wall x5 |
| 17:47 | wR.ACCM · wall_segment Palisade Wall x5 |
| 17:48 | wR.ACCM · wall_segment Palisade Wall x1 |
| 18:25 | [bS']Socksyy · wall_segment Palisade Wall x7 |
| 20:45 | [bS']Socksyy · first_market_sell 100 stone |
| 20:46 | [bS']Socksyy · first_market_buy 100 food |
| 21:34 | wR.ACCM · age_up castle |
| 23:00 | wR.ACCM · first_building Monastery |
| 23:05 | [bS']Socksyy · first_building Stable |
| 24:09 | [bS']Socksyy · age_up castle |
| 25:39 | [bS']Socksyy · first_building Siege Workshop |
| 27:44 | wR.ACCM · first_building Siege Workshop |
| 29:04 | wR.ACCM · first_market_sell 100 wood |
| 31:18 | [bS']Socksyy · resign |
[ AI ANALYSIS · 1 CREDIT ]
What really happened in this match?
Wolo.gg analyzes every decision: build order, eco, micro, common mistakes by bracket. Personalized analysis on WhatsApp or Discord in 30 seconds.
Civ guide
Aztecs
Perfil
Jugador #347269